 Dungeon Crawl Stone Soup version 0.31-a0-187-gba352fbbf7 (webtiles) character file.

Game seed: 7406182027460492235

91 qw the Shooter (level 4, -1/25 HPs)
             Began as a Deep Elf Hunter on June 22, 2023.
             Slain by Terence
             ... wielding a +0 short sword
              (5 damage)
             ... on level 3 of the Dungeon.
             The game lasted 00:00:38 (1153 turns).

qw the Shooter (Deep Elf Hunter)                    Turns: 1153, Time: 00:00:39

Health: -1/25      AC:  3    Str: 10      XL:     4   Next: 33%
Magic:  6/6        EV: 12    Int: 13 (14) God:
Gold:   70         SH:  0    Dex: 16 (18) Spells: 3/3 levels left

rFire   . . .        Y - +0 shortbow
rCold   . . .        (shield currently unavailable)
rNeg    . . .        c - +0 leather armour
rPois   .            (no helmet)
rElec   .            (no cloak)
rCorr   .            (no gloves)
SInv    .            (no boots)
Will    .....        (no amulet)
Stlth   ++           (no ring)
HPRegen 0.24/turn    (no ring)
MPRegen 0.10/turn

%: no passive effects
@: no status effects
A: no striking features
a: no special abilities


You were on level 3 of the Dungeon.
You visited 1 branch of the dungeon, and saw 3 of its levels.

You collected 70 gold pieces.


   Skills:
 - Level 1.5 Fighting
 + Level 7.7 Ranged Weapons
 - Level 2.4 Dodging
 - Level 1.2 Stealth


You had 3 spell levels left.
You didn't know any spells.
Your spell library was empty.

Inventory:

Hand Weapons
 Y - a +0 shortbow (weapon)
Armour
 c - a +0 leather armour (worn)
Scrolls
 a - a scroll of enchant armour
Potions
 b - a potion of curing {unknown}

Dungeon Overview and Level Annotations

Branches:
Dungeon (3/15)

Altars:

Annotations:
D:3 Terence


Message History

There is a stone staircase leading up here.
Terence the Incautious comes into view.
He is wielding a +0 short sword.
You shoot an arrow.
The arrow hits Terence but does no damage.
Terence shouts!
You shoot an arrow. The arrow barely misses Terence.
You shoot an arrow. The arrow hits Terence.
Terence is lightly wounded.
You shoot an arrow.
The arrow hits Terence but does no damage.
Terence is lightly wounded.
An adder comes into view.
You shoot an arrow. The arrow closely misses Terence.
The adder hisses angrily.
You shoot an arrow. The arrow hits Terence.
Terence is moderately wounded.
You shoot an arrow.
The arrow hits Terence but does no damage.
Terence is moderately wounded.
Terence hits you with a +0 short sword.
You shoot an arrow. The arrow hits Terence.
Terence is heavily wounded.
Terence hits you with a +0 short sword!
You shoot an arrow. The arrow closely misses Terence.
The arrow hits the adder but does no damage.
Terence hits you with a +0 short sword. The adder bites you but does no damage.
You shoot an arrow.
The arrow hits Terence but does no damage.
Terence is heavily wounded.
Terence misses you. The adder barely misses you.
You shoot an arrow.
The arrow hits Terence but does no damage.
Terence is heavily wounded.
The adder bites you. Terence hits you with a +0 short sword.
The adder bites you but does no damage. Terence hits you with a +0 short sword.
You shoot an arrow.
The arrow hits Terence but does no damage.
Terence is heavily wounded.
The adder bites you. Terence hits you with a +0 short sword.
You die...

#.##....#
#.##....#
##.##....#
#######..##....#
#........##....#
#........##....#
#.........<..###
##....##.....#
#...@##.....#
#..S@##.....#
#....##...###
#....##.#..
#.......#...
#.......+....
...... ........


You could see Terence and an adder.

Vanquished Creatures
  A gnoll (D:1)
  2 adders (D:2)
  6 dart slugs
  2 ball pythons
  5 endoplasms
  3 giant cockroaches
  6 goblins
  5 hobgoblins
  3 kobolds (D:1)
  3 quokkas (D:2)
  5 bats (D:1)
  5 frilled lizards (D:1)
  3 rats
49 creatures vanquished.

Notes
Turn   | Place    | Note
-------+----------+-------------------------------------------
     0 | D:1      | qw the Deep Elf Hunter began the quest for the Orb.
     0 | D:1      | Reached XP level 1. HP: 12/12 MP: 3/3
     0 | D:1      | 0 ||| qw: Version: 0.3-a-9-g12657ce
     0 | D:1      | 0 ||| qw: Game counter: 2479
     0 | D:1      | 0 ||| qw: Always use a shield: true
     0 | D:1      | 0 ||| qw: God list: Okawaru
     0 | D:1      | 0 ||| qw: Allow faded altars: false
     0 | D:1      | 0 ||| qw: Do Orc after D:15 true
     0 | D:1      | 0 ||| qw: Do second Lair branch before Depths: true
     0 | D:1      | 0 ||| qw: Lair rune preference: random
     0 | D:1      | 0 ||| qw: Plans: Normal
     0 | D:1      | 0 ||| PLANNING D:1-11
   121 | D:1      | Reached XP level 2. HP: 16/16 MP: 4/4
   124 | D:1      | Reached skill level 6 in Ranged Weapons
   171 | D:1      | 171 ||| FLEEEEING.
   172 | D:1      | 172 ||| FLEEEEING.
   174 | D:1      | 174 ||| FLEEEEING.
   175 | D:1      | 175 ||| FLEEEEING.
   190 | D:1      | 190 ||| FLEEEEING.
   282 | D:1      | Reached XP level 3. HP: 20/20 MP: 5/5
   421 | D:1      | Reached skill level 7 in Ranged Weapons
   617 | D:1      | 617 ||| DRINKING 3 bubbling green potions.
   618 | D:1      | 618 ||| DROPPING scroll of butterflies.
   619 | D:1      | 619 ||| DROPPING 2 potions of degeneration.
   714 | D:2      | Reached XP level 4. HP: 18/25 MP: 6/6
  1105 | D:2      | 1105 ||| READING 2 scrolls labelled ZOWKOCUOHU.
  1106 | D:2      | 1106 ||| READING scroll labelled AMIBOU CATAGUO.
  1110 | D:2      | 1110 ||| READING scroll labelled AFERRE IRONGEH.
  1141 | D:3      | Noticed Terence
  1152 | D:3      | HP: 5/25 [Terence/+0 short sword (2)]
  1153 | D:3      | Slain by Terence

Levels and vault maps discovered:
D:1:      dpeg_arrival_simpleton_c, layout_loops_cross, minmay_tromino_i4
D:2:      layout_rooms
D:3:      layout_basic, ebering_ghost_gozag,
          ebering_ecumenical_altar_sacrificial, uniq_terence

Skill      XL: |  1  2  3 |
---------------+----------+-----
Ranged Weapons | 6 7 |  7.7
Fighting       | |  1.5
Dodging        | |  2.4
Stealth        | |  1.2

Action                     |  1- 3 |  4- 6 || total
---------------------------+-------+-------++-------
   Fire: Shortbow          |    97 |    55 ||   152
    Use: Potion            |     1 |       ||     1
         Scroll            |       |     3 ||     3
 Armour: Leather armour    |     5 |     5 ||    10
  Dodge: Dodged            |    14 |    13 ||    27

Table legend:
 A = Non-vault XP
 B = Vault XP
 C = Vault XP percentage of total XP
 D = Non-vault monster count
 E = Vault monster count
 F = Vault count percentage of total count
                 A         B        C        D         E       F
            +---------+---------+-------+---------+---------+-------
      Total |     124 |       6 |   4.6 |      45 |       4 |   8.2
            +---------+---------+-------+---------+---------+-------
        D:1 |      68 |       6 |   8.1 |      28 |       4 |  12.5
        D:2 |      54 |       0 |   0.0 |      16 |       0 |   0.0
        D:3 |       2 |       0 |   0.0 |       1 |       0 |   0.0
            +---------+---------+-------+---------+---------+-------
